[Event "World Cup"]
[Site "Khanty-Mansiysk RUS"]
[Date "2009.12.08"]
[Round "6.3"]
[White "Ponomariov, Ruslan"]
[Black "Malakhov, Vladimir"]
[Result "0-1"]
[ECO "D15"]
[WhiteElo "2739"]
[BlackElo "2706"]
[Annotator "Ñåðãåé Øèïîâ"]
[PlyCount "131"]
[EventDate "2009.??.??"]
[TimeControl "5400+30"]

1. d4 d5 2. c4 c6 3. Nf3 Nf6 4. Nc3 a6 $1 {Èíîãî è áûòü íå ìîãëî.} 5. c5 Nbd7
6. Bf4 Nh5 7. Bd2 Nhf6 8. Qc2 g6 9. h3 Qc7 10. Bg5 {Íîâèíêà.} ({
Ïðåæäå èñïûòûâàëè} 10. e4 {
, ÷òî ïðîâåðèë íà ñåáå è îäèí èç ó÷àñòíèêîâ ñðàæåíüÿ:} Nxe4 11. Nxe4 dxe4 12.
Qxe4 Nf6 13. Qe5 Qxe5+ 14. dxe5 Nd7 15. Be3 Bg7 16. e6 fxe6 17. O-O-O {RR} Nf6
18. Bc4 Nd5 19. Bd4 O-O 20. Rhf1 Bd7 21. Bxg7 Kxg7 22. Ne5 Be8 {- ÷åðíûå âñòàëè íåêàçèñòî, íî êðåïêî. Â äàëüíåéøåì èõ ëèøíÿÿ ïåøêà ñêàçàëàñü, Lugovoi,A -
Malakhov,V/Moscow 2005.}) 10... Bg7 11. e3 {Óãðîæàåò ïåðåâîä ñëîíà g5 íà f4.
Îòâåò ÷åðíûõ, ñ îäíîé ñòîðîíû, âûíóæäåí. À ñ äðóãîé - îíè è ñàìè õîòåëè òàê
ñûãðàòü.} e5 $1 12. O-O-O $1 {Àãðåññèâíî è ïðàâèëüíî!} ({
Ðàçãðóçêà öåíòðà âûãîä íå îáåùàëà:} 12. dxe5 Nxe5 13. Nxe5 Qxe5 14. Bf4 Qe6 15.
Na4 Nd7 $1) ({Øàáëîííîå ðàçâèòèå} 12. Be2 {
ïîçâîëÿëî ÷åðíûì ïîëó÷èòü ïðåâîñõîäíóþ èãðó òèïîâûì ìàíåâðîì} exd4 13. exd4
Nf8 $1) 12... O-O 13. Bh4 {Ñëîí ñòðåìèòñÿ íà çàâåòíóþ äèàãîíàëü.} exd4 14.
exd4 b6 {Ðåçîííîå âñêðûòèå èãðû. Äî áåëîãî êîðîëÿ ïîêà äàëåêî, íî äîðîãó
îñèëèò ëèøü èäóùèé.} ({Âïðî÷åì, íå ðèñêíó íàçâàòü íåïðàâèëüíîé è îáû÷íóþ â
äàííîé ñòðóêòóðå èãðó ïî öåíòðó:} 14... Re8 15. Bd3 Nf8 $1) 15. Bg3 Bh6+ {
Âèäèìî, Ìàëàõîâ íå ìîã ñìèðèòüñÿ ñ òåì, ÷òî ïîëå b8 áóäåò íåäîñòóïíî åãî
ëàäüÿì.} 16. Kb1 Bf4 {Ñóäÿ ïî ïåøå÷íîé ñòðóêòóðå, ðàçìåí ÷åðíîïîëüíûõ ñëîíîâ
âûãîäåí áåëûì, íî íåëüçÿ îòáðàñûâàòü è äèíàìè÷åñêèå ôàêòîðû.} 17. cxb6 Nxb6
18. Bxf4 Qxf4 19. Bd3 {Áåëûå ïîëó÷èëè êîíêðåòíûé îáúåêò àòàêè - ïåøêó ñ6.  Íî
çàöèêëèâàòüñÿ íà íåì îïàñíî.} Qd6 ({Âî âðåìÿ ïàðòèè ìíå êàçàëîñü ñèëüíûì} 19...
Re8 {ñ èäååé} 20. Rhe1 Bxh3 {, íî íà ïîâåðêó èäåÿ îêàçàëàñü îøèáî÷íîé -} 21.
Ne2 $1 Qg4 22. Rg1 $1 Bxg2 23. Ne1 {è ÷åðíûå îñòàþòñÿ áåç ôèãóðû.}) 20. Ka1 (
{Âèäèìî, áåëûå ñîõðàíÿëè ïåðåâåñ, èãðàÿ ïî öåíòðó ñ àêöåíòîì íà êîðîëåâñêèé
ôëàíã:} 20. Ne5 $5 {ñ äàëüíåéøèì f2-f4.}) 20... a5 21. Ne5 Ba6 {
Ïîëåçíûé ðàçìåí.} 22. Na4 {Ïåøêà ñ6 ìàãíèòîì ïðèòÿãèâàåò âçîð Ðóñëàíà.} ({
Îïÿòü æå õîðîøà áûëà öåíòðàëüíàÿ ñòðàòåãèÿ -} 22. Bxa6 Rxa6 23. f4 $1 {, è åñëè
} a4 {, òî} 24. a3 {- êîíòðèãðà ÷åðíûõ íå ïðîñìàòðèâàåòñÿ.}) 22... Nxa4 23.
Qxa4 Bxd3 24. Nxd3 {
Êîíü çàíÿë î÷åíü âûãîäíóþ ïîçèöèþ, êîíòðîëèðóÿ ðÿä âàæíåéøèõ ïîëåé.} Rfb8 $6
{Íåòî÷íîñòü, âèäèìî, ñâÿçàííàÿ ñ ïðîñ÷åòîì.} ({Òî÷íåå} 24... Nd7 $1 25. Rc1
Rfc8 {, íàìå÷àÿ ïåðåâîä êîíÿ íà b6 è c4. Â ðÿäå âàðèàíòîâ õîä Qd6-f6 ñòàâèò
ïåðåä áåëûìè âîïðîñ î áåçîïàñíîñòè ïåøêè d4.}) 25. Rc1 Rb5 {
Àêòèâíî ñûãðàíî. Ïåðñïåêòèâû ÷åðíûõ î÷åíü õîðîøè... åñëè äåðæèòñÿ ïåøêà ñ6.}
26. Rc2 {Ïîíîìàðåâ íå îáðàòèë âíèìàíèå íà òî, ÷òî îíà íå äåðæèòñÿ! È â
ðåçóëüòàòå ïîïàë ïîä àòàêó.} ({Íåõèòðûé õîä} 26. Ne5 $1 {
ñòàâèë ÷åðíûõ íà ãðàíü ïîðàæåíèÿ. Äåëî â òîì, ÷òî íåäîñòàòî÷íî} Ra6 $2 {
ââèäó} 27. Nxc6 $1 Rxc6 28. Qxb5) ({×òî îñòàåòñÿ? Òîëüêî} 26. Ne5 Qb4 27. Qxb4
axb4 28. Nxc6 Ne4 {
ñ íàäåæäîé íåêîòîðîé êîíòðèãðû çà ïåøêó â îêîí÷àíèè. Äàëåå âîçìîæíî} 29. f3
Nf2 30. Rhf1 Nd3 31. Rcd1 Nf4 32. Rd2 {
- áîðüáû åùå ìíîãî, íî î ðàâåíñòâå è ðå÷è íåò.}) 26... Nd7 $1 {
Íåîæèäàííî âûÿñíèëîñü, ÷òî áåëûé ôåðçü çàïåðò è îáèæåí.} 27. Rc3 ({
Îðèãèíàëüíîå ïðåäëîæåíèå  ïåðåéòè â ýíäøïèëü} 27. Qa3 {
÷åðíûå ìîãëè è îòêëîíèòü -} Qf6) 27... Nb6 {Ëîãè÷íî, íî íå îïòèìàëüíî.} ({
Òîíêîå âñòóïëåíèå} 27... Qf6 $1 {
âåëî ê ïàäåíèþ ïåøêè d4 è áîëüøèì îñëîæíåíèÿì ñ íåêîòîðîé èíèöèàòèâîé ÷åðíûõ.
}) 28. Qc2 Nc4 {Êîíü ïðèøåë íà ñ4 ñ òåì, ÷òîáû íà b2-b3 îòñêî÷èòü ñ òåìïîì
íà a3, à çàòåì àòàêîâàòü ïåøêó b3 ïóòåì a5-a4. Ðóñëàí äåìîíñòðèðóåò
îïðîâåðæåíèå:} 29. a4 $1 {Áëîêèðîâêà ïåøêè a5 è, êñòàòè, ãîâîðÿ, óñòðàíåíèå
ïîëÿ b5 êàê âîçìîæíîãî ïóòè îòñòóïëåíèÿ êîíÿ ñ a3 - íåïðèÿòíåéøèé ñþðïðèç.}
Rb6 ({È ïîñëå} 29... Rb4 $1 30. b3 Na3 31. Qc1 Rxd4 32. Ka2 {êîíÿ ïðèõîäèëîñü
îòäàâàòü. Òî åñòü, åãî çàáèðàëè, íå ñïðàøèâàÿ ñîãëàñèÿ. Ïðàâäà, áîðüáû åùå
ìîðå:} Nc4 $1 33. bxc4 dxc4 34. Nb2 Rb8 {è ò.ä.}) 30. b3 Rab8 $1 {
Ïðàâèëüíî - ñ ïðàêòè÷åñêîé òî÷êè çðåíèÿ!} ({Ôîðìàëüíî íàèáîëåå óïîðíîå} 30...
Qa3+ $2 31. Qa2 Qxa2+ 32. Kxa2 Nd6 {äàâàëî áåëûì ïîëíûé êîìôîðò â îêîí÷àíèè.})
31. bxc4 $2 {Ïðàêòè÷åñêèé ðàñ÷åò Ìàëàõîâà îïðàâäàëñÿ ìãíîâåííî - Ïîíîìàðåâ
ÿâíî íåäîîöåíèë àòàêó ÷åðíûõ.} ({
Áîëüøîå, âîçìîæíî, ðåøàþùåå ïðåèìóùåñòâî áåëûì äàâàëî} 31. Nc5 $1 Qf4 (31...
Na3 $2 32. Qa2 Qf4 33. Qxa3 Qxd4 34. Qb2 $18) 32. Rd3 $1 {è ÷åðíûå ñîâåðøåííî
áåñïîìîùíû. Êîíü ïîä áîåì, âñå âðåìÿ óãðîæàåò âèëêà Nc5-d7, áåëûå ìîãóò è íå
òîðîïèòüñÿ - ââåñòè â áîé ëàäüþ h1, óñèëèòüñÿ.}) 31... dxc4 32. Nc1 $2 {
Ïðîñòî îøèáêà. Êîíü íà êðàþ äîñêè âëà÷èò æàëêîå ñóùåñòâîâàíèå è íå ñïîñîáåí
ïðåòåíäîâàòü íà ãîðäîå çâàíèå "ôèãóðà".} ({
Ñëåäîâàëî ïåðåìåñòèòü åãî íà ñ4 ïóòåì} 32. Ne5 $1 Qxd4 ({ñîìíèòåëüíî} 32... Rb2
$2 33. Qxb2 Rxb2 34. Kxb2 Qxd4 35. Nxc4) 33. Nxc4 Rb4 ({íå îïàñíî è} 33... Rb3
34. Rc1 R8b4 35. Ka2 $1) 34. Ka2 $1 Rxa4+ 35. Qxa4 Qxc3 36. Rb1 $1 Rxb1 (36...
Re8 37. Ne3 $1) 37. Kxb1 Qe1+ 38. Kb2 Qxf2+ 39. Qc2 {
è â èòîãå ïîëó÷àåòñÿ ïðèìåðíî ðàâíîå îêîí÷àíèå.}) 32... Qxd4 33. Na2 Rb3 {
Ñâÿçêà ëàäüè c3 è âñåâîçìîæíûå ìàòîâûå óãðîçû äàâÿò íà áåëûõ ñòîòîííûì ïðåññîì.
} 34. Rc1 Qb6 {Ñòðîãî ãîâîðÿ, óïóñêàåò âåñü ïåðåâåñ... Íî íå â ðåàëüíîé ïàðòèè.
} ({Íàõðàïèñòûé õîä} 34... R8b4 $1 {ñòàâèë áåëûõ â ïîëíûé ïàðòåð. Ðàçâÿçàòüñÿ
îíè íå ìîãóò, êîðîëü ïëîõ. Ïåøêó  a4 îíè òåðÿþò - è æäóò ñìåðòè...}) 35. Rxb3
{Äóìàþ, ìíîãèå êâàëèôèöèðîâàííûå çðèòåëè ñî÷ëè ïåðåõîä â îêîí÷àíèå áåç
ïåøêè åäèíñòâåííûì âûõîäîì.} ({Ìåæäó òåì, ó áåëûõ áûë äî ñìåøíîãî ïðîñòîé
ñïîñîá îòðàçèòü àòàêó ÷åðíûõ è çàäóìàòüñÿ î áîëüøåì, íåæåëè íè÷üÿ:} 35. Re1
$1 {, è íà} Rb2 {-} 36. Re8+ $1 {
ñ ðàçìåíîì ëàäåé è ïðèÿòíûì äëÿ áåëûõ óïðîùåíèåì èãðû.}) ({À â ñëó÷àå} 35. Re1
Kg7 {óæå åñòü ðàçìåí} 36. Rxb3 {, òàê êàê íà} cxb3 {åñòü ñïàñàþùèé ôèãóðó øàõ}
37. Qb2+ {- êîíü èäåò íà ñ3, áåëûå êîíñîëèäèðóþòñÿ.}) 35... cxb3 36. Qb2 (36.
Qxc6 $2 b2+) 36... bxa2 37. Qxb6 Rxb6 38. Kxa2 Kf8 39. Rc5 Ra6 {
Ëàäüÿ ÷åðíûõ êðàéíå ïàññèâíà, íî íà ïîìîùü åé ïðèõîäèò êîðîëü.} 40. Kb3 Ke7
41. Kc4 Kd6 42. f4 {Ïðåäåëüíî âàæåí âîïðîñ, êàê ðàññòàâèòü ïåøêè êîðîëåâñêîãî
ôëàíãà. Îò ýòîãî çàâèñèò, ñìîãóò ëè ÷åðíûå ñ óñïåõîì îñâîáîäèòü ëàäüþ èëè
íåò.} Ra7 43. Kd4 f5 ({Ñîäåðæàòåëüíåå} 43... f6 $1) 44. Re5 Ra8 45. g4 $2 {
Èìïóëüñèâíîå äâèæåíèå, ñîçäàþùåå íîâûå ïðîáëåìû áåëûì. Â òåìïå áëèö àêòèâíûå
õîäû äåëàþòñÿ ñàìè ñîáîé - ðóêàìè. Ãîðüêîå îñìûñëåíèå ïðèõîäèò ëèøü ïîñëå
îòâåòà ñîïåðíèêà...} ({Ñëåäîâàëî ïðîñòî ñòîÿòü íà ìåñòå -} 45. Kc4 $1 {
Âûèãðûøà ÷åðíûõ ÿ íå íàøåë.}) 45... Rf8 $1 {Ñèëüíîå âîçðàæåíèå. Âîçíèêëà
íîâàÿ ñåðüåçíàÿ ñëàáîñòü â ëàãåðå áåëûõ - ïåøêà f4.} 46. g5 Rb8 $1 {Ïîðà!} 47.
Rxa5 Rb4+ 48. Ke3 Rb3+ 49. Ke2 Rxh3 50. Ra7 Kd5 {Êîðîëü ñëåäóåò íà e4.} 51. Re7
({Èëè} 51. a5 Ke4 $1) 51... c5 52. a5 Ra3 53. Rxh7 Rxa5 {Ïåøêà ñ5 -
é ìîìåíò. Ñïàñåíèÿ ó áåëûõ óæå íåò. ×åðíûå óâåðåííî ðåàëèçîâàëè ïåðåâåñ.} 54.
Rg7 ({Óäëèííÿëî ïóòü ê ñìåðòè è äàæå äàâàëî íåêîòîðûå èãðîöêèå øàíñû} 54. Rd7+
$1 Ke4 55. Rd6 $1 {Âîò ìîé àíàëèòè÷åñêèé íàáðîñîê äàëüíåéøåé áîðüáû:} Ra2+ 56.
Ke1 Kxf4 57. Rxg6 c4 (57... Rg2 58. Rc6) 58. Rc6 Ke3 $1 59. Re6+ Kf3 60. Rc6 f4
61. g6 (61. Rxc4 Kg3 $1) 61... Ra1+ $1 62. Kd2 Rg1 {
è ÷åðíûå âñå-òàêè ïîáåæäàþò.}) 54... Ra6 $1 55. Rf7 c4 56. Kd2 Ke4 57. Rf6
Ra2+ 58. Kd1 ({Èëè} 58. Kc3 Kxf4 59. Rxg6 Rg2 $19) 58... Kxf4 59. Rxg6 c3 60.
Rg8 Rg2 61. g6 Kf3 62. g7 f4 63. Kc1 Rg6 64. Kc2 Kg3 65. Kxc3 f3 66. Kd4 {
Áåëûå ñäàëèñü.} 0-1

[Event "World Cup"]
[Site "Khanty-Mansiysk RUS"]
[Date "2009.12.08"]
[Round "6.4"]
[White "Malakhov, Vladimir"]
[Black "Ponomariov, Ruslan"]
[Result "0-1"]
[ECO "D85"]
[WhiteElo "2706"]
[BlackElo "2739"]
[Annotator "Ñåðãåé Øèïîâ"]
[PlyCount "114"]
[EventDate "2009.??.??"]
[TimeControl "5400+30"]

{Äðàìàòè÷åñêàÿ ïàðòèÿ, ðàçâåðíóâøàÿ õîä ìàò÷à íà 180 ãðàäóñîâ.} 1. d4 Nf6 2.
c4 g6 3. Nc3 d5 4. cxd5 Nxd5 5. Bd2 Nb6 6. Bf4 Bg7 7. e3 O-O 8. Nf3 c5 9. dxc5
N6d7 {Íà÷àëî ñìåðòåëüíî îïàñíîãî òâîð÷åñòâà.} ({Â ïàðòèè òîãî æå Êóáêà Ìèðà
Ã. Ñàðãèññÿí - Ëè ×àî, Õàíòû-Ìàíñèéñê 2009 áûëî ïîêàçàíî ïîñëåäíåå ñëîâî
òåîðèè:} 9... Bxc3+ $1 10. bxc3 Qxd1+ 11. Rxd1 N6d7 12. Bh6 Re8 13. Bb5 a6 14.
Ba4 Nc6 15. Nd4 Nxc5 16. Bxc6 bxc6 17. O-O a5 18. c4 e5 19. Nb3 Nb7 20. e4 Be6
{, è ÷åðíûå ãàðàíòèðîâàëè ñåáå áåçáåäíîå áóäóùåå.}) 10. Nd5 $1 {
Íåäîáèòûé êîíü îáðåòàåò óáèéñòâåííóþ ìîùü.} e5 ({Â ïàðòèè À. Äðååâ - Á.
Ëàëè÷, Õîðâàòèÿ 2007 ÷åðíûå îòâàæèëèñü ïîéòè â îñëîæíåíèÿ ïóòåì} 10... Bxb2 {
, íî ïîñëå} 11. Bc7 Qe8 12. Rb1 Bg7 13. Bb5 $1 Nc6 14. Nd4 $1 e6 15. Nc3 Nxc5
16. Bd6 {îñòàëèñü áåç êà÷åñòâà è ïðîèãðàëè.}) 11. Bg3 $1 {
Ñàìîå òî÷íîå. Ïåøêà e5 - íå òîëüêî ñèëà, íî è ñëàáîñòü.} ({Íåóáåäèòåëüíî} 11.
Bg5 f6 12. Bh4 {ââèäó} Nxc5 $1) 11... Nc6 ({Íà} 11... Nxc5 {
ìîæíî ñìåëî âçÿòü ïåøêó -} 12. Bxe5) 12. Rc1 {Â ïåøêó ñ5 âöåïèâøèñü çóáàìè.} ({
Âèäèìî, ê áîëüøîìó ïåðåâåñó áåëûõ âåë ïàðàäîêñàëüíûé õîä} 12. Bh4 $1 {
Âàðèàíòû çäåñü íåñëîæíûå:} Qa5+ ({ïðîñòî ñêó÷íî} 12... Nf6 13. Nxf6+ Bxf6 14.
Qxd8 Bxd8 15. Bxd8 Rxd8 16. Bb5 $1) ({, à} 12... f6 13. b4 {è âîâñå ïëîõî}) 13.
Qd2 Qxd2+ 14. Nxd2 Nxc5 15. Ne7+ $1 {è ÷åðíûå îñòàþòñÿ áåç êà÷åñòâà.}) 12...
Nf6 $1 {Óäà÷íûé ñïîñîá ðàñêðóòèòüñÿ.} 13. Nxf6+ Qxf6 14. Bd3 $1 {
Èäåéíàÿ íîâèíêà. Ïóíêò e4 íåîáõîäèìî êîíòðîëèðîâàòü.} ({Âñòðå÷àâøååñÿ ðàíåå} 
14. Bh4 $6 Qf5 15. Qc2 $6 {íèæå âñÿêîé êðèòèêè...}) 14... e4 {Ñòðàñòü ê ðàñ÷èñòêå ïðîñòðàíñòâà íàñòîëüêî çàõâàòèëà Ïîíîìàðåâà, ÷òî îí óâëåêñÿ.} ({
Ñèëüíåå áàíàëüíàÿ èãðà ñ ðàçâèòèåì ôèãóð -} 14... Bg4) 15. Bxe4 Qxb2 16. O-O {
Èòîã äåáþòà ïëà÷åâåí äëÿ ÷åðíûõ. Ïåøêè íåò, ïîçèöèÿ õóæå.} Be6 {Êóäà íè êèíü
, âñþäó êëèí. Âûõîä ñëîíà îñëàáëÿåò ïåøêó b7 è äàåò áåëûì âàæíûå òåìïû.} ({
Â âàðèàíòå} 16... Qxa2 17. Bd5 Qa6 18. Bd6 {
÷åðíûå áûëè âûíóæäåíû îòêóïèòüñÿ êà÷åñòâîì ââèäó ÿâíîé ñëàáîñòè ïóíêòà f7.})
17. Bd6 Rfe8 18. Bd5 {Íåíóæíûå õèòðîñòè.} ({
Îñòàëîñü íåïîíÿòíûì, ïî÷åìó íåëüçÿ ïðîñòî çàáðàòü äîáû÷ó:} 18. Rb1 Qxa2 19.
Rxb7 {, íàïðèìåð,} Na5 (19... Qa6 20. Rc7 $1) (19... Rac8 20. Ng5 $1) 20. Rb4
Bb3 21. Rxb3 $1 {- ïåðåâåñ áåëûõ âåçäå âåëèê è ñòàáèëåí.}) 18... Qf6 ({
Âèäèìî, îáå âîþþùèå ñòîðîíû óïóñòèëè èç âèäó îñòðîóìíûé óäàð} 18... Nd4 $1 {
, ñïîñîáíûé îñëîæíèòü èãðó -} 19. Bxb7 Ne2+ 20. Kh1 Nxc1 21. Bxa8 Nxa2 {
, è ÷åðíûå ïîëó÷àþò êîíòðøàíñû.}) 19. Rb1 {
Âñå âîçâðàùàåòñÿ íà êðóãè ñâîÿ. ×åðíûì ïëîõî.} Na5 20. e4 Rac8 21. e5 Qf5 {
Â ýòîò ìîìåíò ïåðñïåêòèâà ñ÷åòà 2-0 êàçàëàñü íåîòâðàòèìîé. À òàì è äî âûõîäà
Ìàëàõîâà â ôèíàë ðóêîé ïîäàòü... Âèäèìî, îí òàê ðàçíåðâíè÷àëñÿ, ÷òî íà÷àë
òâîðèòü íåâåðîÿòíîå.} 22. Rb4 $6 {
Òâîð÷åñêàÿ èäåÿ ïîéìàòü ÷åðíîãî ôåðçÿ ïóòåì g3-g4. Çà÷åì??} ({È} 22. Bxb7) (
{è îñîáåííî} 22. Nd4 $1 {ãàðàíòèðîâàëî óñïåõ.}) 22... Bxd5 23. Qxd5 Qe6 {
Ïåðåõîä â îêîí÷àíèå áåç ïåøêè ñî ñëàáûìè øàíñàìè íà ñïàñåíèå.} 24. Qxe6 Rxe6
25. Rb5 $2 {Òîðîïëèâîñòü, ïðîñ÷åò.} ({Ïðîñòîé õîä} 25. Rfb1 $1 {ëèøàë ÷åðíûõ
êîíòðèãðû.  Äëÿ ñòîëü èçâåñòíîãî "òåõíàðÿ", êàê Ìàëàõîâ - ýòî ñåìå÷êè. Íî
òîëüêî â ñïîêîéíîì ñîñòîÿíèè.}) 25... b6 $1 26. cxb6 {
Âèäèìî, ñûãðàíî ïî èíåðöèè.} ({Ñîëèäíûé ïåðåâåñ óäàâàëîñü ñîõðàíèòü ïóòåì} 26.
Nd4 $1 Ree8 27. f4 f6 28. Nf3) 26... axb6 {Çäåñü-òî è âûÿñíèëîñü, ÷òî ÷åðíûå
óñïåøíî èçáàâèëèñü îò óäóøàþùåé êîíñòðóêöèè áåëûõ â öåíòðå.} 27. Nd2 $6 {
Îòäàâàÿ ïîñëåäíåå.} ({Ãîðå ñîñòîèò â òîì, ÷òî áåñïëîäíî çàïëàíèðîâàííîå} 27.
Rxb6 Nc4 28. Rb7 (28. Ra6 $2 {äàæå ïðîèãðûâàåò èç-çà} Bxe5 $1) 28... Nxd6 29.
exd6 Rxd6 {
- è ÷åðíûå ëåãêî óäåðæàò îêîí÷àíèå áåç ïåøêè çà ñ÷åò àêòèâíîñòè ëàäåé.}) ({
Íà} 27. Nd4 {ñëåäîâàëî} Rxd6 $1 {- âîò ãäå ñêàçûâàëîñü îòñóòñòâèå ïåøêè ñ5.}) (
{Ïðîäîëæèòü áîðüáó çà ïîáåäó ïîçâîëÿëî} 27. Ng5 Ree8 28. f4 f6 29. Nf3 Nc4 30.
Rd1 {è ò.ä. Íî ãàðàíòèè óñïåõà óæå íå áûëî.}) 27... Nb7 $1 {
Íè÷üÿ îáúåêòèâíî íåèçáåæíà. Åñëè â äåëî íå âìåøàåòñÿ ÷åëîâå÷åñêèé ôàêòîð...}
28. Ne4 Nxd6 29. Nxd6 Ra8 30. f4 f6 31. f5 {Ìîæíî è òàê. Â ëþáîì ñëó÷àå, âî
âñåõ âàðèàíòàõ ñëåäóþò óðàâíèâàþùèå ðàçìåíû.} gxf5 32. Nxf5 fxe5 {Äî ýòîãî ìîìåíòà âîïðîñ ñòîÿë ëèøü î âûèãðûøå áåëûõ. Âèäèìî, Âëàäèìèð, íàõîäèëñÿ â
ðàñòðîåííûõ ÷óâñòâàõ è íå ñóìåë âîâðåìÿ îñòàíîâèòüñÿ.} 33. Rfb1 $2 {Ðàçìåí íà 
g7 âåë ê ðàâíîìó ëàäåéíîìó îêîí÷àíèþ, êîòîðîå áåçóñëîâíî ïðèâåëî áû ê ìèðó.}
Bf8 $1 {Î÷åðåäíîé ñþðïðèç äëÿ ñîïåðíèêà. Ïåøêà b6 íåïðèêîñíîâåííà. ×åðíûå
ñîõðàíÿþò ñèëüíîãî ñëîíà è ïåðåõâàòûâàþò èíèöèàòèâó.} 34. R5b2 Bc5+ 35. Kh1
e4 36. Re2 Kf7 $1 {Íà÷àëî ãåðîéñêîãî ïóòè. Áåëûå íå ìîãóò îòâåòèòü òåì æå -
èõ êîðîëü íå â ñèëàõ öåíòðàëèçîâàòüñÿ.} 37. Rbe1 Ra4 38. g3 ({Óïîðíåå} 38. g4 {
, íî, èñïîëíÿÿ ýòîò õîä, íàäî áûëî âèäåòü, ÷òî ïåøêà g4 óäåðæèâàåòñÿ:} Kf6 39.
Kg2 Kg5 40. h3 h5 41. Ng7 $1) 38... Kf6 {
Òåïåðü êîíü f5 ëèøåí íàäåæíîé ïîääåðæêè.} 39. Rf1 Ke5 40. Kg2 Rf6 41. g4 {
Ìàëàõîâ âîçâðàùàåòñÿ ê âåðíîé èäåå, íî â óæå õóäøåé ðåäàêöèè.} h5 $1 42. h3
hxg4 43. hxg4 Rg6 44. Kh3 Ra3+ {Áåëûå ôèãóðû, óäåðæèâàÿ äðóã äðóãà, ðèñêóþò
êàê àëüïèíèñòû íà îòâåñíîé ñêàëå. Îäèí óïàäåò - ïîñûïÿòñÿ äðóãèå.} 45. Ng3 e3 {
×åðíàÿ ïåøêà ñêîâûâàåò áåëûõ. Ñ äðóãîé ñòîðîíû, ó áåëûõ ïîÿâèëàñü âîçìîæíîñòü
ïîñòðîèòü îáîðîíó ïî áåëûì ïîëÿì.} 46. Nf5 $2 {
Íåâåðíîå ðåøåíèå ïîñòàâëåííîé çàäà÷è.} ({Ïðàâèëüíî} 46. Rf5+ Kd4 47. g5 $1 Kd3
48. Kg4 $1 {è ÷åðíûì íå âûèãðàòü. Íåëüçÿ çàáûâàòü è î ñèëå ïåøêè g5.}) 46...
Rg8 {Íà÷àëî ìàñòåðñêîãî ïåðåâîäà ëàäüè.} 47. Kg3 Rga8 $1 48. Kf3 ({Èëè} 48.
Rfe1 Ke4 $1) 48... R8a4 $1 {Èçóìèòåëüíî ñûãðàíî. ×åðíûå ëàäüè âñå óñïåâàþò -
è ñâîþ ïðîõîäíóþ ïîääåðæàòü, è ÷óæèå ïåøêè àòàêîâàòü, è áåëîãî êîðîëÿ
îòòåñíÿòü îò öåíòðà.} 49. Rfe1 Rf4+ 50. Kg3 Ke4 $1 {
Äîìèíàöèÿ! Ðóñëàí î÷åíü ìîùíî ïðîâîäèò îêîí÷àíèå.} 51. Rb1 Rf3+ 52. Kg2 Kf4 {
Ïåøêó g4 íàïðÿìóþ óæå íèêòî íå ïîääåðæèò. Îñòàþòñÿ ëèøü òàêòè÷åñêèå õèòðîñòè.
} 53. Rc1 (53. Rb3 Ra4 $1) 53... Rf2+ ({Êîíå÷íî, íå} 53... Kxg4 $2 54. Nh6+
Kf4 55. Rc4+ {ñ âûèãðûøåì áåëûõ.}) 54. Rxf2+ exf2 {Ïîëóïåøêà, ïîëóôåðçü...} 55.
Rc4+ Kg5 56. Nd4 Re3 $1 ({Ýòî ïðîñòî íåâåðîÿòíî, êàê Ïîíîìàðåâó óäàëîñü íå
ïîïàñòüñÿ â ïîñëåäíþþ äüÿâîëüñêóþ ëîâóøêó:} 56... Rg3+ 57. Kxf2 Rxg4 $2 58.
Rxc5+ $1 bxc5 59. Ne6+ {
è áåëûå óíè÷òîæàþò ïîñëåäíþþ ïåøêó ÷åðíûõ, ñïàñàÿñü.}) 57. a4 (57. Kxf2
Re4 $1) 57... Re1 $1 {Áåëûå ñäàëèñü.} 0-1